 Dungeon Crawl Stone Soup version 0.26.1-10-gdfb7c7de75 (webtiles) character file.

Game seed: 13333282316177508944

78 jifgo the Firebug (level 4, -3/25 HPs)
             Began as a Deep Elf Fire Elementalist on Apr 8, 2021.
             Slain by a gnoll (4 damage)
             ... on level 2 of the Dungeon.
             The game lasted 00:03:47 (1852 turns).

jifgo the Firebug (Deep Elf Fire Elementalist)      Turns: 1852, Time: 00:03:47

Health: -3/25      AC:  2    Str:  5    XL:     4   Next: 15%
Magic:  5/11       EV: 13    Int: 21    God:
Gold:   60         SH:  0    Dex: 15    Spells: 6/10 levels left

rFire    . . .     SeeInvis .   b - +0 dagger
rCold    . . .     Faith    .   (no shield)
rNeg     . . .     Spirit   .   a - +0 robe
rPois    .         Reflect  .   (no helmet)
rElec    .         Harm     .   (no cloak)
rCorr    .         Rampage  .   (no gloves)
Will     .....                  (no boots)
Stlth    ++........             (no amulet)
HPRegen  0.08/turn              (no ring)
MPRegen  0.12/turn              (no ring)

@: very slightly contaminated
A: no striking features
a: no special abilities


You were on level 2 of the Dungeon.
You visited 1 branch of the dungeon, and saw 3 of its levels.

You collected 60 gold pieces.

Inventory:

Hand Weapons
 b - a +0 dagger (weapon)
 j - a +1 hand axe of venom
Armour
 a - a +0 robe (worn)
Jewellery
 m - an uncursed amulet of guardian spirit {unknown}
Scrolls
 c - a scroll of teleportation {unknown}
 d - a scroll of enchant armour {unknown}
 e - a scroll of amnesia {unknown}
 i - 3 scrolls of identify {unknown}
 k - a scroll of fog {unknown}
 l - a scroll of remove curse {unknown}
Potions
 f - a potion of invisibility {unknown}
 g - a potion of mutation {unknown}
 h - a potion of heal wounds {unknown}


   Skills:
 + Level 1.0 Fighting
 + Level 3.1 Dodging
 - Level 3.0 Stealth
 + Level 3.7 Spellcasting
 + Level 2.0 Conjurations
 + Level 3.8 Fire Magic


You had 6 spell levels left.
You knew the following spells:

 Your Spells              Type           Power        Failure   Level
a - Conjure Flame         Conj/Fire      16%          11%         3
x - Foxfire               Conj/Fire      64%          3%          1

Your spell library contained the following spells:

 Spells                   Type           Power        Failure   Level
 Inner Flame              Hex/Fire       12%          17%         3
 Sticky Flame             Conj/Fire      16%          36%         4
 Fireball                 Conj/Fire      8%           71%         5


Dungeon Overview and Level Annotations

Branches:
Dungeon (3/15)

Altars:
Okawaru

Annotations:
D:2 exclusion: gnoll
D:3 Ijyb


Message History

Confirm with . or Enter, or press ? or * to list all spells.
You miscast Foxfire.
Nothing appears to happen.
The gnoll hits you from afar with a +0 halberd.
* * * LOW HITPOINT WARNING * * *
Casting: Foxfire (safe; 3% risk of failure)
Confirm with . or Enter, or press ? or * to list all spells.
You conjure some foxfire!
The gnoll closely misses you.
The foxfire hits the gnoll but does no damage.
The foxfire hits the gnoll.
The gnoll is lightly wounded.
The gnoll closely misses you.
The gnoll throws a throwing net.
The throwing net hits you.
You become entangled in the net!
You see here a throwing net.
You struggle against the net.
You struggle against the net.
The gnoll hits you but does no damage.
The gnoll hits you from afar with a +0 halberd.
* * * LOW HITPOINT WARNING * * *
You rip the net and break free!
The gnoll hits you.
You die...

#####...........#
#........# #.#
#.........##.####
#.######## #.#
..........##..#####.#
#.#
#...................#
####.#
#########...........#
#....#
#..................#
#.##.#
#.........###.g###.#
##.#### #.........#
##g###.# #......
#.........# ##.@##'###
####### #.........#
#........# ###..
#.........# #........#
#....
#.........###...)....#
##....
#.........#..........#
#.....
###########.....#....#
#..... #.....#.>..#
#..... #.....#....#
#.....
#.....#....######.....


You could see 2 gnolls.

Vanquished Creatures
  A gnoll (D:2)
  2 adders
  A dart slug (D:1)
  A ball python (D:2)
  4 giant cockroaches
  5 hobgoblins
  7 jackals
  A quokka (D:2)
  4 bats (D:2)
  4 frilled lizards
  5 goblins
  8 kobolds
  4 rats
47 creatures vanquished.

Vanquished Creatures (others)
  128 foxfires
128 creatures vanquished.

Grand Total: 175 creatures vanquished

Notes
Turn   | Place    | Note
-------+----------+-------------------------------------------
     0 | D:1      | jifgo the Deep Elf Fire Elementalist began the quest for
                  | the Orb.
     0 | D:1      | Reached XP level 1. HP: 10/10 MP: 6/6
   357 | D:1      | Reached XP level 2. HP: 15/15 MP: 6/8
   900 | D:2      | Reached XP level 3. HP: 20/20 MP: 6/9
   904 | D:2      | Learned a level 3 spell: Conjure Flame
  1456 | D:2      | Found an iron altar of Okawaru.
  1666 | D:3      | Noticed Ijyb
  1751 | D:3      | Reached XP level 4. HP: 24/24 MP: 7/11
  1844 | D:2      | Reached skill level 1 in Fighting
  1851 | D:2      | HP: 1/25 [gnoll/+0 halberd (4)]
  1852 | D:2      | Slain by a gnoll

Illustrated notes

Levels and vault maps discovered:
D:1:      roderic_dead_forest, layout_rooms, minmay_misc_feat_rows
D:2:      minmay_evil_eye, layout_basic, general_overflow_altar
D:3:      layout_rooms, nzn_hepliaklqana_mist_gate, uniq_ijyb, uniq_natasha

Skill      XL: |  1  2  3  4 |
---------------+-------------+-----
Dodging        | 3 |  3.1
Stealth        | 3 |  3.0
Fighting       | 1 |  1.0
Conjurations   | 2 |  2.0
Spellcasting   | |  3.7
Fire Magic     | |  3.8

Action                   |  1- 3 |  4- 6 || total
-------------------------+-------+-------++-------
 Cast: Foxfire           |    67 |     8 ||    75
Armor: Robe              |     1 |     1 ||     2
Dodge: Dodged            |     5 |     7 ||    12
